 Dungeon Crawl Stone Soup version 0.27-a0-1181-g5f64966fcc (webtiles) character file.

Game seed: 9329902415849978612

559 Wyvernaa the Insei (level 7, -1/52 HPs)
             Began as a Gnoll Transmuter on May 16, 2021.
             Slain by Natasha (2 damage)
             ... on level 4 of the Dungeon on May 17, 2021.
             The game lasted 00:23:32 (7019 turns).

Wyvernaa the Insei (Gnoll Transmuter)               Turns: 7019, Time: 00:23:33

Health: -1/52      AC:  8    Str: 11    XL:     7   Next: 31%
Magic:  15/15      EV: 12    Int: 13    God:
Gold:   143        SH:  0    Dex: 12    Spells: 9/17 levels left

rFire    . . .     SeeInvis +     - Unarmed
rCold    . . .     Faith    .   (no shield)
rNeg     . . .     Spirit   .   c - +0 ring mail
rPois    .         Reflect  .   (helmet currently unavailable)
rElec    .         Harm     .   (no cloak)
rCorr    .         Rampage  .   (no gloves)
Will     .....                  (boots currently unavailable)
Stlth    +.........             (no amulet)
HPRegen  0.17/turn              g - ring of see invisible
MPRegen  0.14/turn              h - ring of flight

@: appendages, flying
A: horns 2, talons 2, fangs 1, strong nose, distributed training, iridescent
scales 1, shaggy fur 1
a: End Transformation


You were on level 4 of the Dungeon.
You had temporarily grown beastly horns and talons.
You visited 1 branch of the dungeon, and saw 4 of its levels.

You collected 143 gold pieces.

Inventory:

Missiles
 m - 5 atropa-tipped darts
Armour
 a - a +0 robe
 c - a +0 ring mail (worn)
 d - a +0 buckler
 n - a +0 helmet (melded)
Jewellery
 e - a ring of wizardry
 g - a ring of see invisible (left hand)
 h - a ring of flight (right hand)
 k - a ring of magical power
Wands
 f - a wand of charming (4)


   Skills:
 + Level 3.5 Fighting
 + Level 2.4 Short Blades
 + Level 2.4 Long Blades
 + Level 2.4 Axes
 + Level 2.4 Maces & Flails
 + Level 2.4 Polearms
 + Level 2.4 Staves
 + Level 2.4 Slings
 + Level 2.4 Bows
 + Level 2.4 Crossbows
 + Level 2.4 Throwing
 + Level 2.4 Armour
 + Level 5.2 Dodging
 + Level 2.4 Stealth
 + Level 2.4 Shields
 + Level 7.0 Unarmed Combat
 + Level 5.6 Spellcasting
 + Level 2.0 Conjurations
 + Level 2.0 Hexes
 + Level 2.0 Summonings
 + Level 2.0 Necromancy
 + Level 2.0 Translocations
 + Level 4.3 Transmutations
 + Level 2.0 Fire Magic
 + Level 2.0 Ice Magic
 + Level 2.0 Air Magic
 + Level 2.0 Earth Magic
 + Level 2.0 Poison Magic
 + Level 2.6 Invocations
 + Level 2.4 Evocations


You had 9 spell levels left.
You knew the following spells:

 Your Spells              Type           Power      Damage    Failure   Level
a - Beastly Appendage     Tmut           28%        N/A       7%          1
b - Hydra Form            Tmut           7%         N/A       89%         5
c - Wereblood             Tmut           14%        N/A       11%         2

Your spell library contained the following spells:

 Spells                   Type           Power      Damage    Failure   Level
 Freeze                   Ice            32%        1d5       19%         1
 Spider Form              Tmut/Pois      5%         N/A       34%         3
 Frozen Ramparts          Ice            16%        1d3       50%         3
 Ozocubu's Armour         Ice            8%         N/A       50%         3
 Ice Form                 Ice/Tmut       11%        N/A       75%         4
 Hailstorm                Conj/Ice       8%         3d4       88%         4
 Metabolic Englaciation   Hex/Ice        4%         N/A       99%         5


Dungeon Overview and Level Annotations

Branches:
Dungeon (4/15)
 Temple: D:4-7

Altars:
Elyvilon
Gozag
Ru

Annotations:
D:4 Eustachio, Natasha, Pikel


Innate Abilities, Weirdness & Mutations

You have temporarily grown beastly horns and talons.
You have very sharp teeth.
Your uncanny sense of smell can sniff out nearby items.
Your experience applies equally to all skills.
You are partially covered in iridescent scales. (AC +2)
You are covered in fur. (AC +1)


Message History

Natasha is moderately wounded.
The shadow imp puffs mist at you.
Pikel hits you with a +2 whip of freezing.
Pikel freezes you. Natasha claws you but does no damage.
You barely miss Natasha. Your kick misses Natasha.
You headbutt Natasha, but do no damage.
Natasha is moderately wounded.
Unknown command.
You completely miss Natasha. Your kick misses Natasha. You bite Natasha.
Natasha is heavily wounded.
Pikel barely misses you. Natasha claws you.
You barely miss Pikel. Your headbutt misses Pikel. Pikel barely misses you.
Natasha claws you.
You hit Pikel but do no damage. You headbutt Pikel.
Pikel is lightly wounded.
Pikel hits you with a +2 whip of freezing!
Pikel freezes you.
* * * LOW HITPOINT WARNING * * *
Natasha claws you.
* * * LOW HITPOINT WARNING * * *
You hit Natasha. You headbutt Natasha.
Natasha is severely wounded.
Pikel barely misses you. Natasha barely misses you.
You closely miss Natasha.
Natasha is severely wounded.
Pikel hits you with a +2 whip of freezing.
* * * LOW HITPOINT WARNING * * *
Pikel freezes you.
* * * LOW HITPOINT WARNING * * *
Natasha claws you.
* * * LOW HITPOINT WARNING * * *
Unknown command.
Unknown command.
You aren't carrying any scrolls.
Really quaff the potion of mutation?
You feel extremely strange.
You feel stupid. Fur sprouts all over your body.
Iridescent scales grow over part of your body.
Natasha claws you.
You die...

.................
#..
#............###
#.#
#.####...#####
#.## # #>..#
...## #...#
###.#. ## #55.#
#.#. #..######
##5## #.#.
.?.....# #K# #...
.....# #@# ###.
...##.#.####h# #.
........oo§o5# #.
.......h###.## ##
......Z.# #.# #
!......o# ... #
#.#.h#.##.#.## #
# ##..o .....∆ #
....## ##.


You could see Pikel, 3 lemures, an orc wizard (invisible), Natasha and a shadow
imp (summoned).

Vanquished Creatures
  Sigmund (D:2)
  An ogre (D:4)
  A scorpion (D:3)
  Jessica (D:2)
  Terence (D:2)
  Ijyb (D:3)
  An orc wizard (D:3)
  Robin (D:1)
  3 gnolls
  2 adders
  A worm (D:3)
  4 dart slugs
  11 orcs
  3 ball pythons
  10 bats
  6 endoplasms
  A giant cockroach (D:3)
  11 goblins
  12 hobgoblins
  4 jackals (D:1)
  3 quokkas
  4 frilled lizards
  4 kobolds
  A rat (D:1)
88 creatures vanquished.

Vanquished Creatures (others)
  A plant (D:1)
1 creature vanquished.

Grand Total: 89 creatures vanquished

Notes
Turn   | Place    | Note
-------+----------+-------------------------------------------
     0 | D:1      | Wyvernaa the Gnoll Transmuter began the quest for the Orb.
     0 | D:1      | Reached XP level 1. HP: 17/17 MP: 6/6
   314 | D:1      | Reached XP level 2. HP: 21/23 MP: 5/7
   724 | D:1      | Reached XP level 3. HP: 18/28 MP: 9/9
   955 | D:1      | Reached skill level 5 in Spellcasting
  1061 | D:1      | Found a faded altar of an unknown god.
  1359 | D:2      | Reached skill level 1 in Invocations
  1369 | D:2      | Found a white marble altar of Elyvilon.
  1369 | D:2      | Noticed Robin
  1439 | D:2      | Noticed Jessica
  1450 | D:2      | Gained mutation: Your mind is acute. (Int +2) [potion of
                  | mutation]
  1452 | D:2      | Killed Jessica
  1453 | D:2      | Reached skill level 1 in Short Blades
  1453 | D:2      | Reached skill level 1 in Long Blades
  1453 | D:2      | Reached skill level 1 in Axes
  1453 | D:2      | Reached skill level 1 in Maces & Flails
  1453 | D:2      | Reached skill level 1 in Polearms
  1453 | D:2      | Reached skill level 1 in Staves
  1453 | D:2      | Reached skill level 1 in Slings
  1453 | D:2      | Reached skill level 1 in Bows
  1453 | D:2      | Reached skill level 1 in Crossbows
  1453 | D:2      | Reached skill level 1 in Throwing
  1453 | D:2      | Reached skill level 1 in Armour
  1453 | D:2      | Reached skill level 1 in Stealth
  1453 | D:2      | Reached skill level 1 in Shields
  1453 | D:2      | Reached skill level 1 in Evocations
  1453 | D:2      | Reached XP level 4. HP: 11/34 MP: 11/11
  1978 | D:1      | Killed Robin
  2292 | D:2      | Reached skill level 1 in Conjurations
  2292 | D:2      | Reached skill level 1 in Hexes
  2292 | D:2      | Reached skill level 1 in Summonings
  2292 | D:2      | Reached skill level 1 in Necromancy
  2292 | D:2      | Reached skill level 1 in Translocations
  2292 | D:2      | Reached skill level 1 in Fire Magic
  2292 | D:2      | Reached skill level 1 in Ice Magic
  2292 | D:2      | Reached skill level 1 in Air Magic
  2292 | D:2      | Reached skill level 1 in Earth Magic
  2292 | D:2      | Reached skill level 1 in Poison Magic
  2850 | D:2      | Noticed Sigmund
  3017 | D:2      | Killed Sigmund
  3018 | D:2      | Reached XP level 5. HP: 30/41 MP: 12/12
  3018 | D:2      | Reached XP level 6. HP: 35/47 MP: 13/13
  3338 | D:3      | Noticed Terence
  3349 | D:2      | Killed Terence
  3663 | D:3      | Found an opulent altar of Gozag.
  3681 | D:3      | Reached skill level 5 in Dodging
  3688 | D:3      | Upgraded the game from 0.27-a0-1177-g245c70e1c0 to
                  | 0.27-a0-1181-g5f64966fcc
  3709 | D:3      | Learned a level 5 spell: Hydra Form
  3712 | D:3      | Learned a level 2 spell: Wereblood
  4484 | D:3      | Found a sacrificial altar of Ru.
  4520 | D:3      | Noticed Ijyb
  4560 | D:3      | Killed Ijyb
  5568 | D:4      | Noticed Eustachio
  5568 | D:4      | Noticed Pikel
  5639 | D:3      | Reached XP level 7. HP: 25/52 MP: 15/15
  6939 | D:4      | Reached skill level 7 in Unarmed Combat
  6983 | D:4      | Noticed Natasha
  7018 | D:4      | HP: 1/52 [Natasha (4)]
  7019 | D:4      | Lost mutation: Your mind is acute. (Int +2) [potion of
                  | mutation]
  7019 | D:4      | Gained mutation: You are covered in fur. (AC +1) [potion of
                  | mutation]
  7019 | D:4      | Gained mutation: You are partially covered in iridescent
                  | scales. (AC +2) [potion of mutation]
  7019 | D:4      | Slain by Natasha

Illustrated notes

Levels and vault maps discovered:
D:1:      doesnt_arrival_eight_statues, layout_loops_ring,
          chequers_ecumenical_altar_lobes
D:2:      layout_loops_ring, basic_altar, st_stairs_10, uniq_jessica,
          uniq_sigmund, uniq_robin
D:3:      layout_loops_cross, old_standard_altar, nicolae_ru_awakened_eye,
          nrook_uturn, uniq_ijyb, uniq_terence
D:4:      layout_loops_cross, gammafunk_temple_overflow_claw, uniq_natasha,
          uniq_eustachio, uniq_pikel, uniq_blork_the_orc

Skill      XL: |  1  2  3  4  5  6  7 |
---------------+----------------------+-----
Spellcasting   | 5 |  5.6
Invocations    | 1 2 |  2.6
Short Blades   | 1 2 |  2.4
Long Blades    | 1 2 |  2.4
Axes           | 1 2 |  2.4
Maces & Flails | 1 2 |  2.4
Polearms       | 1 2 |  2.4
Staves         | 1 2 |  2.4
Slings         | 1 2 |  2.4
Bows           | 1 2 |  2.4
Crossbows      | 1 2 |  2.4
Throwing       | 1 2 |  2.4
Armour         | 1 2 |  2.4
Stealth        | 1 2 |  2.4
Shields        | 1 2 |  2.4
Evocations     | 1 2 |  2.4
Conjurations   | 1 2 |  2.0
Hexes          | 1 2 |  2.0
Summonings     | 1 2 |  2.0
Necromancy     | 1 2 |  2.0
Translocations | 1 2 |  2.0
Fire Magic     | 1 2 |  2.0
Ice Magic      | 1 2 |  2.0
Air Magic      | 1 2 |  2.0
Earth Magic    | 1 2 |  2.0
Poison Magic   | 1 2 |  2.0
Fighting       | 3 |  3.5
Transmutations | 4 |  4.3
Dodging        | 5 |  5.2
Unarmed Combat | 7 |  7.0

Action                   |  1- 3 |  4- 6 |  7- 9 || total
-------------------------+-------+-------+-------++-------
Melee: Unarmed           |    83 |   159 |    52 ||   294
       Kick              |     9 |     8 |    12 ||    29
       Headbutt          |     6 |     5 |     9 ||    20
       Bite              |     3 |    11 |     3 ||    17
       Punch             |       |     1 |       ||     1
 Cast: Beastly Appendage |    17 |    11 |     7 ||    35
       Wereblood         |       |     4 |       ||     4
  Use: Potion            |     2 |     4 |     2 ||     8
       Scroll            |       |     5 |     1 ||     6
 Stab: Sleeping          |     1 |       |       ||     1
Armor: Ring mail         |    23 |    53 |     7 ||    83
Dodge: Dodged            |    52 |    92 |    33 ||   177

Table legend: (Time is in decaauts)
 A = Elapsed time spent in this place.
 B = Non-inter-level travel time spent in this place.
 C = Inter-level travel time spent in this place.
 D = Time resting spent in this place.
 E = Time spent auto-exploring this place.
 F = Levels seen in this place.
 G = Mean time per level.
                   A        B        C        D        E       F      G
               +--------+--------+--------+--------+--------+-----+--------+
         Total |   6963 |   6873 |     90 |   3739 |   1914 |   4 | 1740.8 |
       Dungeon |   6963 |   6873 |     90 |   3739 |   1914 |   4 | 1740.8 |
               +--------+--------+--------+--------+--------+-----+--------+

Top non-repeatable levels by time:
     D:3: 2697 daAuts
     D:2: 1940 daAuts
     D:1: 1644 daAuts
     D:4: 680 daAuts
